 Dungeon Crawl Stone Soup version 0.29-a0-819-g94b489e0ae (webtiles) character file.

Game seed: 525156905187618390

6119 Morbidden the Ruffian (level 10, -2/91 HPs)
             Began as a Troll Air Elementalist on July 7, 2022.
             Was a Believer of Cheibriados.
             Slain by a troll (9 damage)
             ... on level 9 of the Dungeon.
             The game lasted 00:15:50 (9781 turns).

Morbidden the Ruffian (Troll Air Elementalist)      Turns: 9781, Time: 00:15:51

Health: -2/91      AC:  4    Str: 23    XL:     10   Next: 59%
Magic:  14/24      EV: 12    Int: 26    God:    Cheibriados [**....]
Gold:   1348       SH:  0    Dex: 17    Spells: 10/17 levels left

rFire   + + .      SeeInvis +     - Unarmed
rCold   + . .      Faith    .   (no shield)
rNeg    . . .      Spirit   .   a - +0 robe
rPois   .          Reflect  .   (helmet restricted)
rElec   +          Harm     .   F - scarf {rC+ rF+}
rCorr   .          Rampage  .   (gloves unavailable)
Will    .....                   (boots unavailable)
Stlth   ++........              g - amulet of the acrobat
HPRegen 1.05/turn               p - ring of Xumaqesch {rElec rF+ Int+6 Dex+2}
MPRegen 0.19/turn               E - ring of Qiomo {MP+9 SInv}

@: lethally poisoned (-2 -> -2), very slow
A: large, unfitting armour, claws 3, regeneration 1, shaggy fur 1, tough skin 1
a: Renounce Religion, Bend Time


You were on level 9 of the Dungeon.
You worshipped Cheibriados.
Cheibriados was pleased with you.
You visited 2 branches of the dungeon, and saw 10 of its levels.
You also visited: Sewer.

You collected 1348 gold pieces.

Inventory:

Missiles
 r - 7 poisoned darts (quivered)
 y - 10 javelins
 A - a boomerang
Armour
 a - a +0 robe (worn)
 D - a +0 cloak
 F - a scarf of resistance (worn)
Jewellery
 g - an amulet of the acrobat (around neck)
 p - the ring of Xumaqesch (left claw) {rElec rF+ Int+6 Dex+2}
   (You found it on level 2 of the Dungeon)

   [ring of intelligence]

   Int:       It affects your intelligence (+6).
   Dex:       It affects your dexterity (+2).
   rF:        It protects you from fire.
   rElec:     It insulates you from electricity.
 E - the ring of Qiomo (right claw) {MP+9 SInv}
   (You found it on level 5 of the Dungeon)

   [ring of magical power]

   MP:        It affects your magic capacity (+9).
   SInv:      It lets you see invisible.
Wands
 l - a wand of polymorph (15)
Scrolls
 c - 2 scrolls of enchant armour
 d - 4 scrolls of immolation
 f - 2 scrolls of identify
 h - a scroll of silence
 j - 2 scrolls of noise
 k - 3 scrolls of blinking
 m - 3 scrolls of teleportation
 o - 3 scrolls of enchant weapon
 s - 2 scrolls of fear
 v - 3 scrolls of fog
 x - 2 scrolls of magic mapping
 C - a scroll of vulnerability
Potions
 b - a potion of magic
 e - 3 potions of curing
 i - 3 potions of heal wounds {unknown}
 n - 3 potions of brilliance
 q - a potion of might {unknown}
 t - 2 potions of flight {unknown}
 w - 3 potions of degeneration {unknown}
 z - 2 potions of attraction {unknown}
 B - 3 potions of mutation {unknown}


   Skills:
 * Level 3.5 Fighting
 + Level 0.8 Throwing
 * Level 5.5 Dodging
 + Level 1.7 Stealth
 * Level 6.8 Unarmed Combat
 * Level 4.4 Spellcasting
 * Level 4.5 Conjurations
 * Level 5.3 Air Magic
 * Level 2.7 Invocations


You had 10 spell levels left.
You knew the following spells:

 Your Spells              Type           Power      Damage    Failure   Level
a - Shock                 Conj/Air       100%       1d9       1%          1
b - Static Discharge      Conj/Air       31%        3-7/arc   1%          2
c - Airstrike             Air            16%        0-6+      9%          4

Your spell library contained the following spells:

 Spells                   Type           Power      Damage    Failure   Level
 Swiftness                Air            33%        N/A       2%          3
 Mephitic Cloud           Conj/Pois/Air  22%        N/A       6%          3
 Necrotise                Necr           20%        1d5       9%          1
 Blink                    Tloc           10%        N/A       12%         2
 Ignite Poison            Fire/Tmut/Pois 5%         N/A       24%         3
 Lesser Beckoning         Tloc           5%         N/A       24%         3
 Vampiric Draining        Necr           5%         2d6       24%         3
 Fulminant Prism          Conj/Hex       8%         3d7       32%         4
 Iskenderun's Mystic Bla  Conj/Tloc      17%        2d5       32%         4
 Iskenderun's Battlesphe  Conj           29%        2d8       34%         5
 Freezing Cloud           Conj/Ice/Air   11%        6-21      52%         5
 Fireball                 Conj/Fire      8%         3d6       65%         5
 Conjure Ball Lightning   Conj/Air       15%        3x3d6     86%         6
 Agony                    Necr           5%         N/A       92%         5
 Lee's Rapid Deconstruct  Erth           2%         3d6*      92%         5
 Manifold Assault         Tloc           5%         N/A       92%         5
 Orb of Destruction       Conj           14%        9d7       100%        7


Dungeon Overview and Level Annotations

Branches:
Dungeon (9/15)             Temple (1/1) D:7            Lair (0/6) D:8
  Sewer (visited)
    Orc: D:9-12

Altars:
Ashenzari
Cheibriados
Dithmenos
Elyvilon
Fedhas
Gozag
Hepliaklqana
Kikubaaqudgha
Makhleb
Nemelex Xobeh
Okawaru
Qazlal
Ru
Sif Muna
Trog
Uskayaw
Vehumet
Xom
Yredelemnul
Zin
The Shining One

Shops:
D:7 :


Innate Abilities, Weirdness & Mutations

You are too large for most types of armour.
You have claws for hands.
Your natural rate of healing is unusually fast.
You are covered in fur. (AC +1)
You have tough skin. (AC +1)


Message History

The lightning grounds out.
The troll is struck by an arc of lightning!
The troll is almost dead.
You resist.
You are struck by an arc of lightning.
The killer bee misses you. The troll closely misses you.
The troll claws you! x2
An orc zombie comes into view.
The killer bee stings you!
You are poisoned.
The killer bee poisons you! The killer bee closely misses you.
Unknown command.
Unknown command.
Unknown command.
Casting: Static Discharge (safe; 1% risk of failure)
Confirm with . or Enter, or press ? or * to list all spells.
The killer bee is struck by an arc of lightning!
The killer bee is almost dead.
The killer bee is struck by an arc of lightning.
You kill the killer bee!
Cheibriados thoroughly appreciates the change of pace.
Cheibriados raises the support of your attributes as your movement slows.
You resist.
You are struck by an arc of lightning.
The killer bee is struck by an arc of lightning.
You kill the killer bee!
Cheibriados thoroughly appreciates the change of pace.
The lightning grounds out.
The troll is struck by an arc of lightning.
The troll is almost dead.
The killer bee is struck by an arc of lightning.
The killer bee is moderately wounded.
The lightning grounds out.
You feel sick. The troll barely misses you. The troll closely misses you.
The troll barely misses you. The killer bee closely misses you.
Unknown command.
Unknown command.
The troll attacks as you move away! The troll bites you!
* * * LOW HITPOINT WARNING * * *
The troll claws you.
* * * LOW HITPOINT WARNING * * *
The troll claws you!
You die...

######### ##.........#
#### ##..........# ###
###...##...........#
......................#
###.####.##.#..........#
#.....##....##.........#
.......#...###.........#
.......#..## ##.[......#
..._..y@..# ##.......#
......T#..# ##......#
.......#..# ##.....#
#.....##..# ###.## #..#
... ...# .Z. #### ..


You could see a troll, a killer bee and an orc zombie.

Vanquished Creatures
  Pikel (D:6)
  A troll (D:5)
  Prince Ribbit (D:5)
  A shadow (D:9)
  A vampire (D:9)
  A wyvern (D:9)
  7 yaks (D:9)
  Duvessa (D:6)
  2 water moccasins
  Pargi (Sewer)
  2 orc warriors (D:7)
  A black bear (D:6)
  An ice beast (D:6)
  An ogre (D:4)
  A centaur (D:7)
  A phantom (D:6)
  A kobold brigand (D:6)
  5 necrophages
  2 bullfrogs
  4 scorpions
  13 wights
  Dowan (D:6)
  3 killer bees (D:9)
  A crimson imp (D:5)
  2 jellies
  5 orc priests
  4 hounds
  Natasha (D:4)
  3 iguanas
  13 orc wizards
  A scorpion zombie (D:4)
  A hound zombie (D:4)
  Robin (D:2)
  A howler monkey zombie (D:4)
  12 adders
  2 river rats (D:3)
  A white imp (D:5)
  An ufetubus (D:7)
  2 worms
  4 dart slugs
  36 orcs
  8 endoplasms
  4 giant cockroaches
  15 hobgoblins
  8 jackals
  3 quokkas
  9 ball pythons
  8 bats
  9 frilled lizards
  19 goblins
  A hobgoblin zombie (D:9)
  12 kobolds
  4 rats
244 creatures vanquished.

Vanquished Creatures (others)
  2 bushes (D:4)
  14 plants
16 creatures vanquished.

Grand Total: 260 creatures vanquished

Notes
Turn   | Place    | Note
-------+----------+-------------------------------------------
     0 | D:1      | Morbidden the Troll Air Elementalist began the quest for
                  | the Orb.
     0 | D:1      | Reached XP level 1. HP: 16/16 MP: 1/1
   108 | D:1      | Reached XP level 2. HP: 24/24 MP: 3/3
   418 | D:1      | Reached XP level 3. HP: 32/32 MP: 4/4
   436 | D:1      | Found a faded altar of an unknown god.
   623 | D:1      | Reached skill level 1 in Unarmed Combat
   816 | D:2      | Reached skill level 1 in Conjurations
   934 | D:2      | Noticed Robin
   974 | D:2      | Killed Robin
   975 | D:2      | Reached XP level 4. HP: 31/40 MP: 5/5
  1542 | D:2      | Identified the ring of Xumaqesch {rElec rF+ Int+6 Dex+2}
  1566 | D:2      | Learned a level 2 spell: Static Discharge
  1705 | D:3      | Reached XP level 5. HP: 39/46 MP: 0/6
  1731 | D:3      | Reached skill level 1 in Fighting
  1814 | D:3      | Found a broken altar of Ashenzari.
  1854 | D:3      | Reached skill level 2 in Unarmed Combat
  1859 | D:3      | Found a glowing drain.
  1868 | Sewer    | Entered a sewer
  1900 | Sewer    | Noticed Pargi
  1907 | Sewer    | Killed Pargi
  1908 | Sewer    | Reached XP level 6. HP: 54/55 MP: 7/7
  2067 | D:3      | Found a hazy altar of Hepliaklqana.
  2626 | D:4      | Reached skill level 3 in Unarmed Combat
  3206 | D:4      | Reached XP level 7. HP: 56/61 MP: 5/9
  3304 | D:4      | Found a blossoming altar of Fedhas.
  3417 | D:4      | Noticed Natasha
  3425 | D:4      | Killed Natasha
  3554 | D:4      | Found an iron altar of Okawaru.
  3987 | D:4      | Reached skill level 4 in Unarmed Combat
  4003 | D:4      | Reached XP level 8. HP: 71/72 MP: 6/10
  4085 | D:5      | Entered Level 5 of the Dungeon
  4214 | D:5      | Noticed a troll
  4215 | D:5      | Noticed Prince Ribbit
  4234 | D:5      | Killed a troll
  4235 | D:5      | Reached skill level 5 in Unarmed Combat
  4314 | D:5      | Learned a level 4 spell: Airstrike
  4369 | D:5      | Identified the +4 scale mail "Leps" {Int-5 Dex+2 Stlth+}
  4530 | D:5      | Identified the ring of Qiomo {MP+9 SInv}
  4553 | D:5      | Killed Prince Ribbit
  5070 | D:5      | Found a burning altar of Makhleb.
  5171 | D:6      | Reached XP level 9. HP: 80/80 MP: 12/12
  5433 | D:6      | Found a shimmering blue altar of Sif Muna.
  5500 | D:6      | Noticed Dowan
  5595 | D:6      | Noticed Duvessa
  5610 | D:6      | Killed Duvessa
  5614 | D:6      | Killed Dowan
  5751 | D:6      | Noticed Pikel
  5764 | D:6      | Killed Pikel
  5961 | D:6      | Reached skill level 6 in Unarmed Combat
  6424 | D:6      | Found a glowing golden altar of the Shining One.
  7063 | D:7      | Found a staircase to the Ecumenical Temple.
  7073 | Temple   | Entered the Ecumenical Temple
  7105 | Temple   | Became a worshipper of Cheibriados the Contemplative
  7472 | D:7      | Found Qusuma Genk's Book Boutique.
  8230 | D:8      | Reached XP level 10. HP: 83/90 MP: 15/15
  8231 | D:8      | Noticed a boulder beetle
  8278 | D:8      | Identified a scroll of acquirement
  8279 | D:8      | Acquired 682 gold pieces
  8304 | D:8      | Reached * piety under Cheibriados
  8739 | D:8      | Found a staircase to the Lair.
  8841 | D:9      | Reached skill level 5 in Air Magic
  8847 | D:9      | Reached skill level 5 in Dodging
  8847 | D:9      | Reached skill level 1 in Invocations
  9150 | D:9      | Reached ** piety under Cheibriados
  9769 | D:9      | Found a basalt altar of Yredelemnul.
  9781 | D:9      | Slain by a troll

Illustrated notes

Levels and vault maps discovered:
D:1:      dpeg_arrival_pond, layout_basic,
          hellmonk_ecumenical_altar_inner_sanctum, minmay_cupped
D:2:      layout_loops_cross, st_stairs_5, minmay_pentomino_w4, uniq_robin
D:3:      layout_basic, worldfamousw_hep_ancestral_shrine,
          nicolae_ashenzari_skybound, portal_sewer_entry_a, serial_park_tiny_2,
          bh_walls_and_bars
D:4:      layout_loops_cross, fedhas_altar_decomposition,
          kennysheep_okawaru_gauntlet, uniq_natasha
D:5:      layout_rooms, makhleb_grotto_becter, uniq_prince_ribbit1
D:6:      layout_loops_corners, tso_oasis_becter, kennysheep_mini, uniq_duvessa,
          uniq_pikel
D:7:      layout_loops_corners, minmay_temple_entry_glassed_door,
          serial_co_window_serial, co_window_paths_a, co_window_paths_b,
          co_window_corner_a, co_window_paths_b, co_window_paths_a,
          co_window_unsneaky_path_a, co_window_of_opportunity_b,
          co_window_cross_3, co_window_broadway_a, co_window_4corner_b,
          glass_columns_b, glass_columns_c, serial_shops, shop,
          minmay_a_box_with_orc_wizards_in_it
D:8:      layout_rooms, pdpol_wu_jian_five_deadly_venoms, lair_entry_dummy
D:9:      layout_cave_pods, old_standard_altar, zombieorc1_lemuel, hex_medium,
          minmay_misc_feat_rows
Temple:   nicolae_temple_ecumenical_triangle

Skill      XL: |  1  2  3  4  5  6  7  8  9 10 |
---------------+-------------------------------+-----
Unarmed Combat | 1 2 3 4 5 6 |  6.8
Conjurations   | 1 2 3 4 |  4.5
Dodging        | 2 3 4 5 |  5.5
Fighting       | 1 2 3 |  3.5
Spellcasting   | 2 3 4 |  4.4
Air Magic      | 3 4 5 |  5.3
Invocations    | 2 |  2.7
Throwing       | |  0.8
Stealth        | |  1.7

Action                   |  1- 3 |  4- 6 |  7- 9 | 10-12 || total
-------------------------+-------+-------+-------+-------++-------
Melee: Unarmed           |   149 |   153 |   111 |    55 ||   468
       Punch             |     3 |     5 |     1 |     1 ||    10
Throw: Dart              |       |       |    14 |     6 ||    20
 Cast: Static Discharge  |       |     9 |    68 |    30 ||   107
       Shock             |       |    41 |   116 |    52 ||   209
       Airstrike         |       |       |     1 |     5 ||     6
  Use: Scroll            |       |     2 |     1 |    11 ||    14
       Potion            |       |       |       |     2 ||     2
 Stab: Sleeping          |     1 |     2 |     1 |       ||     4
Armor: Robe              |    68 |    87 |    39 |    11 ||   205
Dodge: Dodged            |   102 |   131 |   103 |    46 ||   382

Table legend: (Time is in decaauts)
 A = Elapsed time spent in this place.
 B = Non-inter-level travel time spent in this place.
 C = Inter-level travel time spent in this place.
 D = Time resting spent in this place.
 E = Time spent auto-exploring this place.
 F = Levels seen in this place.
 G = Mean time per level.
                   A        B        C        D        E       F      G
               +--------+--------+--------+--------+--------+-----+--------+
         Total |  10237 |   9743 |    494 |    650 |   7368 |  11 |  930.6 |
       Dungeon |  10078 |   9595 |    483 |    650 |   7270 |   9 | 1119.8 |
        Temple |     43 |     33 |     10 |      0 |     17 |   1 |   43.0 |
         Sewer |    115 |    115 |      0 |      0 |     81 |   1 |  115.0 |
               +--------+--------+--------+--------+--------+-----+--------+

Top non-repeatable levels by time:
     D:7: 1758 daAuts
     D:6: 1545 daAuts
     D:4: 1466 daAuts
     D:5: 1092 daAuts
     D:9: 1061 daAuts
     D:3: 908 daAuts
     D:2: 848 daAuts
     D:1: 736 daAuts
     D:8: 661 daAuts
   Sewer: 115 daAuts
  Temple: 43 daAuts
